 Dungeon Crawl Stone Soup version 0.25-a0-294-gea9b1ad378 (webtiles) character file.

Game seed: 179360564028089152, levelgen mode: classic

107 Borgoz the Slasher (level 4, -1/28 HPs)
             Began as a Gargoyle Berserker on Dec 19, 2019.
             Was a Believer of Trog.
             Killed from afar by a dart slug (3 damage)
             ... with a slug dart
             ... on level 3 of the Dungeon.
             The game lasted 00:01:30 (1908 turns).

Borgoz the Slasher (Gargoyle Berserker)             Turns: 1908, Time: 00:01:31

Health: -1/28      AC:  7    Str: 20    XL:     4   Next: 85%
Magic:  4/4        EV: 12    Int:  8    God:    Trog [**....]
Gold:   69         SH:  0    Dex: 10    Spells: 3/3 levels left

rFire    . . .     SeeInvis .   a - +0 falchion
rCold    . . .     Gourm    .   (no shield)
rNeg     + . .     Faith    .   b - +0 animal skin
rPois    ∞         Spirit   .   (no helmet)
rElec    +         Reflect  .   (no cloak)
rCorr    .         Harm     .   (no gloves)
MR       .....                  k - +0 pair of boots
Stlth    +.........             (no amulet)
HPRegen  0.09/turn              (no ring)
MPRegen  0.09/turn              (no ring)

@: berserk cooldown, flying, slowed, very slow
A: negative energy resistance 1, electricity resistance, unbreathing,
petrification resistance, rot immunity, AC +3
a: Berserk, Trog's Hand, Renounce Religion


You were on level 3 of the Dungeon.
You worshipped Trog.
Trog was pleased with you.
You were very hungry.

You visited 1 branch of the dungeon, and saw 3 of its levels.

You collected 69 gold pieces.

Inventory:

Hand Weapons
 a - a +0 falchion (weapon)
Armour
 b - a +0 animal skin (worn)
 k - a +0 pair of boots (worn)
Scrolls
 d - a scroll of enchant weapon {unknown}
 f - a scroll of teleportation {unknown}
 l - 2 scrolls of identify {unknown}
 n - a scroll of enchant armour {unknown}
 p - a scroll of fear {unknown}
Potions
 e - a potion of curing {unknown}
 g - a potion of flight
 h - a potion of degeneration {unknown}
 i - a potion of berserk rage {unknown}
 j - 2 potions of haste {unknown}
 m - a potion of brilliance {unknown}
Comestibles
 c - 4 rations
 o - 2 chunks of flesh


   Skills:
 - Level 3.2 Fighting
 + Level 3.6 Long Blades
 + Level 3.5 Armour
 + Level 2.5 Dodging


You had 3 spell levels left.
You didn't know any spells.
Your spell library was empty.

Dungeon Overview and Level Annotations

Branches:
Dungeon (3/15)

Altars:


Innate Abilities, Weirdness & Mutations

You are resistant to torment.
Your stone body is resilient. (AC +3)
You are immune to poison.
You resist negative energy. (rN+)
You are resistant to electric shocks. (rElec)
You can survive without breathing.
You are immune to petrification.
You are immune to rotting.


Message History

You are exhausted.
You feel as though you will be slow longer.
The dart slug launches a dart at you. The slug dart misses you.
You see here a jackal corpse.
The dart slug launches a dart at you.
The slug dart hits you but does no damage.
You see here a jackal corpse.
You slash the dart slug!
The dart slug is almost dead.
The dart slug barely misses you. The dart slug launches a dart at you.
The slug dart hits you.
* * * LOW HITPOINT WARNING * * *
It was a potion of flight.
You feel very buoyant.
You fly up into the air.
The dart slug launches a dart at you. The slug dart hits you.
You die...

.... .# .... .#
..... .# .(...
.# ...... .#
......##.##.#
.....h.s....#
......#w#####
..... #@# #####
###.###.####..<#
...........#.###
#######......#
##...### #...#
#...# #...#
#...#


You could see a dart slug and a giant cockroach.

Vanquished Creatures
  Natasha (D:3)
  3 gnolls (D:2)
  An adder (D:2)
  A dart slug (D:1)
  A leopard gecko (D:1)
  3 bats
  4 giant cockroaches
  5 goblins
  2 hobgoblins
  3 jackals (D:3)
  A ball python (D:1)
  2 frilled lizards
  7 kobolds
  6 rats
40 creatures vanquished.

Notes
Turn   | Place    | Note
-------+----------+-------------------------------------------
     0 | D:1      | Borgoz the Gargoyle Berserker began the quest for the Orb.
     0 | D:1      | Reached XP level 1. HP: 14/14 MP: 1/1
   321 | D:1      | Reached XP level 2. HP: 16/19 MP: 2/2
  1015 | D:2      | Reached XP level 3. HP: 22/23 MP: 3/3
  1141 | D:2      | Reached XP level 4. HP: 13/28 MP: 4/4
  1142 | D:2      | Reached ** piety under Trog
  1729 | D:2      | Found a faded altar of an unknown god.
  1886 | D:3      | Noticed Natasha
  1901 | D:3      | Killed Natasha
  1908 | D:3      | Killed from afar by a dart slug

Levels and vault maps discovered:
D:1:      dpeg_arrival_rooms_with_view, layout_basic,
          chequers_serial_rivers_room_b
D:2:      layout_loops_ring, chequers_ecumenical_altar_grove
D:3:      layout_basic, kennysheep_another_room, uniq_natasha

Skill      XL: |  1  2  3 |
---------------+----------+-----
Long Blades    | 3 |  3.6
Dodging        | 2 |  2.5
Armour         | 3 |  3.5
Fighting       | |  3.2

Action                   |  1- 3 |  4- 6 || total
-------------------------+-------+-------++-------
Melee: Falchion          |    92 |    33 ||   125
Invok: Berserk           |     1 |     1 ||     2
  Use: Potion            |       |     1 ||     1
  Eat: Chunk             |     1 |     3 ||     4
Armor: Animal skin       |    41 |    10 ||    51
Dodge: Dodged            |    76 |    21 ||    97
       Rpst.: Falchion   |    20 |     5 ||    25

Table legend:
 A = Non-vault XP
 B = Vault XP
 C = Vault XP percentage of total XP
 D = Non-vault monster count
 E = Vault monster count
 F = Vault count percentage of total count
                 A         B        C        D         E       F
            +---------+---------+-------+---------+---------+-------
      Total |     111 |      42 |  27.5 |      37 |       3 |   7.5
            +---------+---------+-------+---------+---------+-------
        D:1 |      25 |       6 |  19.4 |      15 |       2 |  11.8
        D:2 |      80 |       0 |   0.0 |      19 |       0 |   0.0
        D:3 |       6 |      36 |  85.7 |       3 |       1 |  25.0
            +---------+---------+-------+---------+---------+-------
